 Dungeon Crawl Stone Soup version 0.29.1-15-g9cfb28693d (webtiles) character file.

Game seed: 3231926327160028027

497 croobank the Sneak (level 7, -7/48 HPs)
             Began as an Octopode Delver on Apr 21, 2023.
             Was a Believer of Vehumet.
             Splashed by a jelly's acid (9 damage)
             ... on level 4 of the Dungeon.
             The game lasted 00:11:56 (5564 turns).

croobank the Sneak (Octopode Delver)                Turns: 5564, Time: 00:11:57

Health: -7/48      AC: -7    Str: 11    XL:     7   Next: 15%
Magic:  12/12      EV: 14    Int: 13    God:    Vehumet [**....]
Gold:   349        SH:  0    Dex: 15    Spells: 9/13 levels left

rFire   + . .      SeeInvis .   g - +3 short sword (venom)
rCold   . . .      Faith    .   (no shield)
rNeg    . . .      Spirit   .   (helmet restricted)
rPois   .          Reflect  .   (no amulet)
rElec   .          Harm     .   m - ring of protection from fire
rCorr   .          Rampage  .   (no ring)
Will    .....                   (no ring)
Stlth   +++++.....              (no ring)
HPRegen 0.16/turn               (no ring)
MPRegen 0.13/turn               (no ring)
                                (no ring)
                                (no ring)

@: corroded
A: almost no armour, amphibious, 8 rings, camouflage 1, gelatinous body 1,
(nimble swimmer 1), tentacles
a: Renounce Religion


You were on level 4 of the Dungeon.
You worshipped Vehumet.
Vehumet was pleased with you.
You visited 1 branch of the dungeon, and saw 6 of its levels.

You collected 349 gold pieces.

Inventory:

Hand Weapons
 a - a +0 hand axe of chaos
 g - a +3 short sword of venom (weapon)
Armour
 j - a +0 kite shield
 v - a +0 buckler
Jewellery
 m - a ring of protection from fire (left tentacle)
Wands
 f - a wand of digging (3)
Scrolls
 b - a scroll of fog
 k - a scroll of vulnerability
 l - 4 scrolls of teleportation
 o - 2 scrolls of magic mapping
 r - a scroll of enchant armour {unknown}
 u - a scroll of brand weapon
 w - a scroll of silence {unknown}
Potions
 c - a potion of curing
 d - a potion of haste
 e - 3 potions of attraction
 h - a potion of brilliance
 i - a potion of mutation
 n - 3 potions of heal wounds {unknown}
 p - 2 potions of flight {unknown}
 q - a potion of might {unknown}
 s - a potion of berserk rage
 t - a potion of degeneration {unknown}


   Skills:
 + Level 4.2 Fighting
 - Level 2.0 Axes
 + Level 3.4 Dodging
 + Level 7.9 Stealth
 * Level 3.5 Spellcasting
 + Level 1.7 Conjurations
 + Level 1.5 Translocations


You had 9 spell levels left.
You knew the following spells:

 Your Spells              Type           Power      Damage    Failure   Level
a - Iskenderun's Mystic   Conj/Tloc      6%         2d4       73%         4

Your spell library contained the following spells:

 Spells                   Type           Power      Damage    Failure   Level
 Freeze                   Ice            8%         1d3       22%         1
 Conjure Flame            Conj/Fire      4%         6-21      41%         3
 Dazzling Flash           Conj/Hex       8%         N/A       41%         3
 Ignite Poison            Fire/Tmut/Pois 2%         N/A       54%         3
 Ozocubu's Armour         Ice            2%         N/A       54%         3
 Sticky Flame             Conj/Fire      4%         2d3       83%         4
 Metabolic Englaciation   Hex/Ice        1%         N/A       99%         5
 Simulacrum               Ice/Necr       1%         N/A       100%        6
 Starburst                Conj/Fire      2%         6d3       100%        6


Dungeon Overview and Level Annotations

Branches:
Dungeon (6/15)
 Temple: D:4-7

Altars:
Ru
Vehumet

Annotations:
D:5 exclusion: downstairs
D:6 Pikel


Innate Abilities, Weirdness & Mutations

You cannot wear most types of armour.
You are amphibious.
You can wear up to eight rings at the same time.
Your skin changes colour to match your surroundings (Stealth+).
Your rubbery body absorbs attacks. (AC +1, EV +1)
((You are camouflaged when in or above water. (Stealth+)))
You have tentacles for arms and can constrict up to eight enemies at once.


Message History

Your grab misses the hound.
The jelly quivers.
A quokka comes into view.
The hound barely misses you.
You hit the hound.
The hound is poisoned.
You grab the hound.
The hound is lightly wounded.
You constrict the hound. The hound bites you. x2
You hit the hound.
The hound looks as sick as possible!
You squeeze the hound.
You kill the hound!
Vehumet accepts your kill. The jelly attacks as you move away!
The jelly hits you.
You are splashed with acid!
The jelly attacks as you move away! The jelly closely misses you.
The jelly attacks as you move away! The jelly barely misses you.
The jelly attacks as you move away! The jelly barely misses you.
The jelly attacks as you move away! The jelly hits you. The acid corrodes you!
You are splashed with acid!
There is a stone staircase leading up here.
You hit the jelly.
Your tentacles burn!
You squeeze the jelly, but do no damage.
The jelly is lightly wounded.
The jelly barely misses you. The jelly closely misses you.
The jelly barely misses you.
You climb upwards.
There is a stone staircase leading down here.
Casting: Iskenderun's Mystic Blast (extremely dangerous; 73% risk of failure)
Confirm with . or Enter, or press ? or * to list all spells.
Okay, then.
You hit the jelly but do no damage.
The jelly is poisoned.
Your tentacles burn!
The jelly is lightly wounded.
The jelly hits you.
You are splashed with acid!
* * * LOW HITPOINT WARNING * * *
You hit the jelly but do no damage. The acid corrodes you!
Your tentacles burn!
* * * LOW HITPOINT WARNING * * *
You squeeze the jelly, but do no damage.
The jelly is lightly wounded.
The jelly hits you.
* * * LOW HITPOINT WARNING * * *
You are splashed with acid!
You die...

...........รท.)...## ####.####
......#########.#.#######........
####.## #.....###...........####
##.#####.####.#.#######.#..####
#............#.^..# #...#......
#.##.........#.##.# #.#.#..####
#.##.#####...#.##.###.#.#..####
#.##.### #..............)......
#......# #...J@##.##..#)#...###
#......# ##....##.##..#.#......
###......# #.#..##.##..#........
.##......# #.#..##.....#.#....#>
.##......####.#..#####.##.#....#.
<##.##.####......# #.#.........
.##.##.# #.#.#.## #.#.#.......
.##.##.# #.#.#.# #.#.#.....>.
.#...#.####.#.#.# #.#.###...#.


You could see a jelly (very poisoned).

Vanquished Creatures
  A kobold brigand (D:3)
  A necrophage (D:4)
  A scorpion (D:4)
  An orc priest (D:4)
  A hound (D:5)
  An orc wizard (D:3)
  An iguana (D:4)
  Robin (D:3)
  A gnoll (D:1)
  5 adders
  5 worms
  9 orcs
  5 endoplasms
  A giant cockroach (D:4)
  16 goblins
  18 hobgoblins
  4 jackals (D:1)
  2 quokkas
  9 ball pythons
  7 bats
  3 frilled lizards
  15 kobolds
108 creatures vanquished.

Notes
Turn   | Place    | Note
-------+----------+-------------------------------------------
     0 | D:5      | croobank the Octopode Delver began the quest for the Orb.
     0 | D:5      | Reached XP level 1. HP: 16/16 MP: 1/1
     6 | D:6      | Noticed Pikel
     6 | D:6      | Noticed a lemure
     6 | D:6      | Noticed a lemure
     6 | D:6      | Noticed a lemure
     6 | D:6      | Noticed a lemure
    70 | D:5      | Noticed an orc wizard
   142 | D:5      | Noticed a hound
   178 | D:5      | Noticed a scorpion
   187 | D:4      | Noticed an iguana
   189 | D:4      | Noticed a necrophage
   246 | D:5      | Noticed an ogre
   272 | D:4      | Noticed a scorpion
   389 | D:3      | Noticed a kobold brigand
   560 | D:3      | Reached XP level 2. HP: 14/21 MP: 1/3
   579 | D:3      | Killed a kobold brigand
   580 | D:3      | Reached skill level 7 in Stealth
   580 | D:3      | Reached XP level 3. HP: 3/26 MP: 3/6
   580 | D:3      | Reached XP level 4. HP: 4/31 MP: 3/7
   954 | D:2      | Reached XP level 5. HP: 28/36 MP: 8/8
  1160 | D:2      | Found a sacrificial altar of Ru.
  1535 | D:1      | Found a faded altar of an unknown god.
  1545 | D:1      | Prayed at the altar of an unknown god.
  1545 | D:1      | Became a worshipper of Vehumet
  1545 | D:1      | Reached * piety under Vehumet
  1545 | D:1      | Offered knowledge of Shock by Vehumet.
  2964 | D:2      | Learned a level 4 spell: Iskenderun's Mystic Blast
  3220 | D:3      | Reached XP level 6. HP: 43/43 MP: 10/10
  3543 | D:3      | Noticed Robin
  3558 | D:3      | Killed Robin
  3559 | D:3      | Reached skill level 1 in Conjurations
  4092 | D:3      | Offered knowledge of Freeze by Vehumet.
  4188 | D:3      | Reached ** piety under Vehumet
  4732 | D:4      | Reached skill level 1 in Translocations
  5480 | D:4      | Reached XP level 7. HP: 40/48 MP: 12/12
  5564 | D:4      | HP: 2/48 [jelly (2)]
  5564 | D:4      | Splashed by a jelly's acid

Illustrated notes

Levels and vault maps discovered:
D:1:      shiori_arrival_elements, layout_loops_ring,
          hellmonk_ecumenical_altar_prayer_group, minmay_misc_feat_chi
D:2:      layout_loops_corners, basic_altar
D:3:      cheibrodos_thug_alley, layout_loops_corners, uniq_robin
D:4:      layout_loops_ring
D:5:      layout_basic, kennysheep_mini
D:6:      layout_basic, nicolae_ashenzari_panopticon, temple_hall,
          kennysheep_diamond, nicolae_stop_n_shop_2, uniq_pikel, uniq_grinder,
          uniq_sigmund

Skill      XL: |  1  2  3  4  5  6 |
---------------+-------------------+-----
Stealth        | 7 |  7.9
Spellcasting   | 2 3 |  3.5
Dodging        | 3 |  3.4
Conjurations   | 1 |  1.7
Fighting       | 4 |  4.2
Translocations | 1 |  1.5
Axes           | |  2.0

Action                   |  1- 3 |  4- 6 |  7- 9 || total
-------------------------+-------+-------+-------++-------
Melee: Short sword       |    19 |   143 |     7 ||   169
       Constrict         |     6 |    45 |     1 ||    52
       Tentacles         |     4 |    34 |     3 ||    41
       Punch             |       |     1 |       ||     1
  Use: Scroll            |     2 |    12 |       ||    14
       Potion            |     3 |     1 |       ||     4
 Stab: Sleeping          |     1 |    29 |     1 ||    31
       Distracted        |       |     3 |       ||     3
Armor: Skin              |     2 |     4 |       ||     6
Dodge: Dodged            |    11 |    75 |     7 ||    93
